 Dungeon Crawl Stone Soup version 0.18.1-47-g9310371 (webtiles) character file.

108990 Gagarin the Impaler (level 16, -16/149 HPs)
             Began as a Minotaur Fighter on June 20, 2016.
             Was the Champion of Qazlal.
             Killed from afar by a salamander mystic (35 damage)
             ... with a bolt of magma
             ... on level 3 of the Snake Pit on June 21, 2016.
             The game lasted 01:39:34 (24035 turns).

Gagarin the Impaler (Minotaur Fighter)             Turns: 24035, Time: 01:39:35

Health: -16/149    AC: 41    Str: 32    XL:     16   Next: 3%
Magic:  17/20      EV:  8    Int:  6    God:    Qazlal [******]
Gold:   1862       SH:  8    Dex: 10    Spells: 0 memorised, 15 levels left

rFire  + . .     SeeInvis +     S - +8 bardiche "Transmigrator" {chop, rN+ Stlth+}
rCold  + . .     Gourm    .     B - +9 armour of the Dragon King {rPois rF+ rC+ MR+}
rNeg   + . .     Faith    +     (shield currently unavailable)
rPois  +         Spirit   .     y - +2 hat
rElec  .         Dismiss  .     z - +2 cloak
rCorr  +         Reflect  .     K - +2 pair of gloves
SustAt .         Harm     .     (no boots)
MR     ++...                    C - amulet of faith
Stlth  ..........               l - ring of see invisible
                                M - ring of resist corrosion

@: mighty, protected from physical damage, repel missiles, very resistant to
hostile enchantments, extremely unstealthy
A: retaliatory headbutt, horns 2
a: Upheaval, Elemental Force, Disaster Area, Renounce Religion


You were on level 3 of the Snake Pit.
You worshipped Qazlal.
Qazlal was exalted by your worship.
You were hungry.

You visited 4 branches of the dungeon, and saw 23 of its levels.
You visited the Abyss 1 time.

You collected 2245 gold pieces.
You spent 383 gold pieces at shops.

Inventory:

Hand Weapons
 a - a +1 trident
 c - a +0 halberd of distortion
 L - a +3 halberd
 S - the +8 bardiche "Transmigrator" (weapon) {chop, rN+ Stlth+}
   (You acquired it on level 6 of the Lair of Beasts)

   It inflicts extra damage upon your enemies.
   It protects you from negative energy.
   It makes you more stealthy.
Missiles
 d - 7 throwing nets
 w - 27 tomahawks (quivered)
Armour
 y - a +2 hat (worn)
 z - a +2 cloak (worn)
 B - the +9 armour of the Dragon King (worn) {rPois rF+ rC+ MR+}
   (You found it on level 6 of the Dungeon)

   It protects you from fire.
   It protects you from cold.
   It protects you from poison.
   It affects your resistance to hostile enchantments.
 K - a +2 pair of gloves (worn)
Jewellery
 l - a ring of see invisible (right hand)
 C - an amulet of faith (around neck)
 J - an uncursed ring of stealth
 M - a ring of resist corrosion (left hand)
 X - an uncursed ring of stealth
Wands
 g - a wand of acid (12/15)
 m - a wand of flame (20/48)
 q - a wand of lightning (5/15)
 P - a wand of disintegration (6/24)
 T - a wand of teleportation (4/9)
 Z - a wand of slowing (18/48)
Scrolls
 b - 7 scrolls of remove curse
 e - 5 scrolls of recharging
 i - 5 scrolls of teleportation
 j - 4 scrolls of amnesia
 k - 12 scrolls of identify
 o - 6 scrolls of fog
 r - a scroll of enchant armour
 D - 2 scrolls of fear
 N - a scroll of magic mapping {unknown}
 O - a scroll of silence {unknown}
 R - 2 scrolls of blinking
 V - a scroll of immolation {unknown}
 W - a scroll of enchant weapon
 Y - a scroll of vulnerability {unknown}
Potions
 h - 2 potions of curing
 n - 8 potions of haste
 p - a potion of flight
 s - 4 potions of brilliance
 u - a potion of cancellation
 v - a potion of cure mutation
 F - a potion of magic {unknown}
 H - a potion of ambrosia {unknown}
Miscellaneous
 E - a plain deck of wonders {drawn: 1}
 G - a plain deck of changes
 U - a lamp of fire
Comestibles
 f - 7 bread rations
 t - 2 beef jerkies
 x - 5 meat rations
 A - 22 fruits
 I - a royal jelly


   Skills:
 + Level 15.2 Fighting
 + Level 18.2 Polearms
 + Level 3.1 Throwing
 + Level 15.0 Armour
 + Level 4.0 Dodging
 - Level 1.0 Stealth
   Level 15.8 Shields
 + Level 1.0 Invocations
 + Level 6.9 Evocations


You had 15 spell levels left.
You didn't know any spells.

Dungeon Overview and Level Annotations

Branches:
Dungeon (10/15)            Temple (0/1) D:6            Lair (8/8) D:10
  Swamp (0/4) Lair:5        Snake (3/4) Lair:4        Slime (0/6) Lair:6
    Orc (2/2) D:10            Elf (0/3) Orc:2

Altars:
Gozag
Makhleb
Nemelex Xobeh
Qazlal
Ru
Trog
The Shining One

Shops:
D:6 ?   D:9 ?


Innate Abilities, Weirdness & Mutations

You reflexively headbutt those who attack you in melee.
You have a pair of horns on your head.


Message History

The naga hits you with a short sword. The naga constricts you.
You slash the naga!
You kill the naga!
Qazlal accepts your kill. The naga closely misses you.
You block the naga's attack.
You slice the naga!!
You kill the naga!
Qazlal accepts your kill.
You slash the salamander mystic!
The salamander mystic is lightly wounded.
The salamander mystic points at you and mumbles some strange words.
The orb of energy hits you!
You feel more protected from physical attacks.
* * * LOW HITPOINT WARNING * * *
Drink which item? (? for menu, Esc to quit)
You feel better.
You hear an angry hiss.
The salamander mystic points at you and mumbles some strange words.
The bolt of magma hits you! You partially resist.
You die...

........ #......
#.....# #....######
# #<§....# ###.
###....##### .....
#....#...#
.....§######
#....#...#
#.)@NNN###........#
######N.(.......)###
#..§...##..N....#
####§.....§.....#
#...#####....# #####
#..S.N. #...#..
#...... ##.%)..


You could see a naga sharpshooter, a salamander mystic, a salamander and a naga.

Vanquished Creatures
  Rupert (Lair:2)
  Gastronok (Lair:2)
  A greater naga (Snake:2)
  Maud (Lair:7)
  Aizul (Snake:1)
  Josephine (Orc:2)
  The ghost of Rationalist the Nimble, a journeyman MiBe of Trog (Lair:3)
  The ghost of juanjsm the Unseen, a journeyman SpEn of Okawaru (Lair:8)
  6 naga warriors
  7 hydras
  Harold (Lair:2)
  2 ogre magi (Orc:2)
  10 anacondas
  3 catoblepae (Lair:8)
  A queen ant (Lair:6)
  18 death yaks
  7 naga sharpshooters
  Urug (Lair:3)
  A shock serpent (Snake:2)
  Nergalle (Lair:4)
  A salamander mystic (Snake:3)
  The ghost of Sirdec the Cleaver, a novice DsCK of Xom (D:7)
  2 deep trolls (Orc:2)
  3 hill giants
  2 naga ritualists (Snake:2)
  6 mana vipers
  2 oklob plants (Lair:6)
  3 orc sorcerers
  4 cyclopes
  9 salamanders
  3 naga magi
  The ghost of simples the Deliberate, a novice GrFi of Cheibriados (D:5)
  20 black mambas
  12 elephants
  4 guardian serpents
  2 rime drakes (Lair:8)
  11 spiny frogs
  A kobold demonologist (D:10)
  9 komodo dragons
  10 trolls
  5 two-headed ogres (Orc:2)
  Prince Ribbit (D:6)
  10 blink frogs
  A slime creature (Lair:6)
  A boulder beetle (Lair:5)
  A vampire (D:9)
  5 wraiths (Orc:2)
  42 yaks
  6 basilisks
  2 wyverns
  6 hippogriffs
  5 swamp worms (Lair:5)
  A hungry ghost (D:9)
  2 wargs
  3 soldier ants (Lair:6)
  25 nagas
  15 water moccasins
  7 orc warriors
  12 porcupines
  An eye of draining (D:6)
  A sky beast (D:9)
  3 ice beasts
  A necrophage (D:6)
  A phantom (D:7)
  2 wasps
  21 ogres
  3 centaurs
  8 crocodiles
  8 wolves
  20 giant frogs
  A small abomination (Abyss:2)
  A wyvern skeleton (D:10)
  3 scorpions
  6 killer bees (D:8)
  5 wights (D:7)
  5 jellies
  An electric eel (Lair:5)
  3 crimson imps
  A centaur zombie (D:8)
  4 hounds
  6 orc priests
  9 iguanas
  7 orc wizards
  5 hell rats (Lair:6)
  30 worker ants
  2 killer bee zombies
  35 sheep
  3 hound skeletons
  A worker ant zombie (D:6)
  A howler monkey skeleton (D:8)
  8 adders
  31 river rats
  A shadow imp (D:5)
  An ooze (D:1)
  An adder zombie (D:6)
  2 adder skeletons
  2 worms
  3 dart slugs
  6 giant geckos
  29 orcs
  4 giant cockroaches
  18 goblins
  8 hobgoblins
  7 jackals
  2 quokkas
  3 ball pythons
  10 bats
  5 giant newts
  7 kobolds
  A quokka skeleton (D:4)
  14 rats
  A bush (Lair:7)
  47 fungi
  33 plants
764 creatures vanquished.

Vanquished Creatures (others)
  A naga (Snake:1)
  An orc (Orc:1)
  9 fungi (Lair:6)
  4 plants
15 creatures vanquished.

Grand Total: 779 creatures vanquished

Notes
Turn   | Place    | Note
--------------------------------------------------------------
     0 | D:1      | Gagarin the Minotaur Fighter began the quest for the Orb.
     0 | D:1      | Reached XP level 1. HP: 19/19 MP: 0/0
   147 | D:1      | Reached XP level 2. HP: 27/27 MP: 1/1
   597 | D:1      | Reached XP level 3. HP: 31/33 MP: 2/2
   839 | D:2      | Reached skill level 3 in Polearms
   851 | D:2      | Reached skill level 1 in Dodging
  1114 | D:2      | Reached XP level 4. HP: 33/40 MP: 3/3
  2411 | D:4      | Reached XP level 5. HP: 47/47 MP: 4/4
  2527 | D:4      | Found a stormy altar of Qazlal.
  2532 | D:4      | Became a worshipper of Qazlal Stormbringer
  2942 | D:5      | Entered Level 5 of the Dungeon
  2954 | D:5      | Noticed simples's ghost (novice GrFi)
  3140 | D:5      | Noticed a centaur
  3149 | D:5      | Killed a centaur
  3149 | D:5      | Reached skill level 5 in Fighting
  3149 | D:5      | Reached skill level 4 in Polearms
  3149 | D:5      | Reached XP level 6. HP: 29/56 MP: 5/5
  3308 | D:5      | Reached skill level 5 in Armour
  3308 | D:5      | Reached skill level 5 in Shields
  3723 | D:6      | Found a staircase to the Ecumenical Temple.
  3846 | D:6      | Reached XP level 7. HP: 61/61 MP: 6/6
  3888 | D:6      | Found a bloodstained altar of Trog.
  3897 | D:6      | Reached skill level 5 in Polearms
  4125 | D:6      | Found Fiepan's Magic Scroll Boutique.
  4129 | D:6      | Bought a scroll of identify for 22 gold pieces
  4129 | D:6      | Bought a scroll of noise for 11 gold pieces
  4129 | D:6      | Bought a scroll of fog for 22 gold pieces
  4132 | D:6      | Bought a scroll of identify for 22 gold pieces
  4132 | D:6      | Bought a scroll of identify for 22 gold pieces
  4132 | D:6      | Bought a scroll of identify for 22 gold pieces
  4132 | D:6      | Bought a scroll of identify for 22 gold pieces
  4287 | D:6      | Reached * piety under Qazlal
  4378 | D:6      | Noticed Prince Ribbit
  4390 | D:6      | Reached XP level 8. HP: 52/70 MP: 7/7
  4409 | D:6      | Killed Prince Ribbit
  4409 | D:6      | Reached skill level 6 in Polearms
  4435 | D:6      | Found a sparkling altar of Nemelex Xobeh.
  4437 | D:6      | Found a sacrificial altar of Ru.
  4439 | D:6      | Found an opulent altar of Gozag.
  4442 | D:6      | Found a burning altar of Makhleb.
  4524 | D:7      | Noticed Sirdec's ghost (novice DsCK)
  4550 | D:5      | Found a sacrificial altar of Ru.
  4879 | D:5      | Killed simples's ghost
  5566 | D:7      | Found a glowing golden altar of the Shining One.
  5636 | D:7      | Killed Sirdec's ghost
  5636 | D:7      | Reached skill level 7 in Polearms
  5636 | D:7      | Reached XP level 9. HP: 79/79 MP: 8/8
  5888 | D:7      | Reached ** piety under Qazlal
  6238 | D:7      | Reached skill level 1 in Throwing
  6323 | D:8      | Noticed a hill giant
  6558 | D:8      | Reached skill level 8 in Polearms
  6821 | D:8      | Killed a hill giant
  6821 | D:8      | Reached skill level 10 in Shields
  7074 | D:8      | Reached XP level 10. HP: 86/88 MP: 9/9
  7554 | D:9      | Reached *** piety under Qazlal
  7637 | D:9      | Found Owozyn's Magic Scroll Emporium.
  7644 | D:9      | Bought a scroll of enchant armour for 120 gold pieces
  7644 | D:9      | Bought a scroll of blinking for 120 gold pieces
  7677 | D:9      | Reached skill level 9 in Polearms
  8241 | D:10     | Entered Level 10 of the Dungeon
  8942 | D:10     | Reached skill level 1 in Evocations
  9027 | D:10     | Found a staircase to the Orcish Mines.
  9099 | D:10     | Reached skill level 10 in Polearms
  9120 | D:10     | Reached **** piety under Qazlal
  9170 | D:10     | Found a staircase to the Lair.
  9381 | D:10     | Reached XP level 11. HP: 93/95 MP: 11/11
  9427 | D:10     | Got a steaming ring mail
  9648 | Lair:1   | Entered Level 1 of the Lair of Beasts
 10211 | Lair:1   | Reached ***** piety under Qazlal
 10211 | Lair:1   | Reached skill level 11 in Polearms
 10525 | Lair:1   | Identified the cursed +1 ring mail of Litozet {MP+9} (You found it on level 10 of the Dungeon)
 10907 | Lair:2   | Noticed Gastronok
 10935 | Lair:2   | Killed Gastronok
 10935 | Lair:2   | Reached skill level 10 in Armour
 11524 | Lair:2   | Reached skill level 1 in Stealth
 11750 | Lair:3   | Reached XP level 12. HP: 93/106 MP: 14/14
 11784 | Lair:3   | Noticed Rationalist's ghost (journeyman MiBe)
 11843 | Lair:3   | Noticed Harold
 11847 | Lair:3   | Noticed Rupert
 11847 | Lair:3   | Paralysed by Rupert for 2 turns
 11900 | Lair:2   | Killed Rupert
 11900 | Lair:2   | Reached skill level 10 in Fighting
 12180 | Lair:2   | Killed Harold
 12268 | Lair:3   | Killed Rationalist's ghost
 12320 | Lair:3   | Noticed Urug
 12349 | Lair:3   | Killed Urug
 12350 | Lair:3   | Reached skill level 12 in Polearms
 12645 | Lair:3   | Reached skill level 5 in Evocations
 13039 | Lair:4   | Noticed Nergalle
 13043 | Lair:4   | Noticed a four-headed hydra
 13053 | Lair:4   | Killed Nergalle
 13060 | Lair:4   | Killed a four-headed hydra
 13418 | Lair:4   | Noticed a death yak
 13419 | Lair:4   | Noticed a death yak
 13423 | Lair:4   | Noticed a death yak
 13425 | Lair:4   | Noticed a death yak
 13426 | Lair:4   | Noticed a death yak
 13429 | Lair:4   | Killed a death yak
 13430 | Lair:4   | Noticed a death yak
 13436 | Lair:4   | Killed a death yak
 13436 | Lair:4   | Reached XP level 13. HP: 83/115 MP: 16/16
 13470 | Lair:4   | Reached skill level 15 in Shields
 13876 | Lair:4   | Found a staircase to the Snake Pit.
 14533 | Lair:5   | Found a staircase to the Swamp.
 14854 | Lair:6   | Reached ****** piety under Qazlal
 14864 | Lair:6   | Reached skill level 13 in Polearms
 15654 | Lair:6   | Identified a scroll of acquirement
 15655 | Lair:6   | Got an ivory bardiche
 15656 | Lair:6   | Identified the +8 bardiche "Transmigrator" {chop, rN+ Stlth+} (You acquired it on level 6 of the Lair of Beasts)
 15769 | Lair:6   | Found a staircase to the Slime Pits.
 16848 | Lair:8   | Entered Level 8 of the Lair of Beasts
 16861 | Lair:8   | Noticed Maud
 16880 | Lair:7   | Reached skill level 14 in Polearms
 17073 | Lair:7   | Killed Maud
 17073 | Lair:7   | Reached XP level 14. HP: 98/126 MP: 18/18
 17488 | Lair:8   | Noticed juanjsm's ghost (journeyman SpEn)
 17497 | Lair:8   | Killed juanjsm's ghost
 18256 | Lair:8   | Reached skill level 15 in Polearms
 19135 | Orc:1    | Entered Level 1 of the Orcish Mines
 19196 | Orc:2    | Entered Level 2 of the Orcish Mines
 19216 | Orc:2    | Noticed Josephine
 19222 | Orc:2    | Killed Josephine
 19322 | Orc:2    | Cast into level 2 of the Abyss (ogre mage)
 19406 | Abyss:2  | Noticed a Hell Sentinel
 19410 | Orc:2    | Escaped the Abyss
 19918 | Orc:2    | Found a staircase to the Elven Halls.
 19950 | Orc:2    | Reached skill level 16 in Polearms
 20151 | Orc:2    | Reached XP level 15. HP: 87/137 MP: 19/19
 20691 | Snake:1  | Entered Level 1 of the Snake Pit
 21544 | Snake:1  | Noticed Aizul
 21560 | Snake:1  | Killed Aizul
 22161 | Snake:1  | Reached skill level 17 in Polearms
 22897 | Snake:2  | Reached skill level 15 in Fighting
 23503 | Snake:2  | Found an opulent altar of Gozag.
 23762 | Snake:2  | Noticed a greater naga
 23769 | Snake:2  | Killed a greater naga
 23769 | Snake:2  | Reached skill level 18 in Polearms
 24019 | Snake:3  | Reached XP level 16. HP: 49/149 MP: 14/20
 24023 | Snake:3  | Reached skill level 15 in Armour
 24027 | Snake:3  | Reached skill level 1 in Invocations
 24035 | Snake:3  | Killed from afar by a salamander mystic

Skill      XL: |  1  2  3  4  5  6  7  8  9 10 11 12 13 14 15 16 |
---------------+-------------------------------------------------+-----
Armour         | 4 5 6 7 8 9 10 11 12 13 14 15 | 15.0
Fighting       | 4 5 7 8 9 10 12 13 15 | 15.2
Shields        | 4 5 6 8 10 11 13 14 15 | 15.8
Polearms       | 3 4 5 7 8 10 11 12 14 16 18 | 18.2
Dodging        | 1 2 3 4 |  4.0
Throwing       | 1 2 3 |  3.1
Evocations     | 1 4 5 6 |  6.9
Stealth        | 1 |  1.0
Invocations    | 1 |  1.0

Action                   |  1- 3 |  4- 6 |  7- 9 | 10-12 | 13-15 | 16-18 || total
-------------------------+-------+-------+-------+-------+-------+-------++-------
Melee: Trident           |   123 |   209 |   372 |   906 |    47 |       ||  1657
       Headbutt          |    10 |    24 |    65 |   192 |   174 |     5 ||   470
       Glaive            |       |       |       |     9 |   228 |       ||   237
       Bardiche          |       |       |       |       |   621 |    15 ||   636
Throw: Tomahawk          |       |       |     8 |     9 |     5 |       ||    22
Invok: Upheaval          |       |       |     1 |     2 |     3 |       ||     6
Evoke: Wand              |       |       |     1 |     8 |    10 |       ||    19
       Deck              |       |       |     1 |       |       |       ||     1
  Use: Scroll            |       |       |    12 |     5 |     9 |       ||    26
       Potion            |       |       |     2 |     3 |    28 |     1 ||    34
 Stab: Distracted        |       |       |       |     1 |       |       ||     1
  Eat: Chunk             |     1 |     8 |    12 |    22 |    29 |       ||    72
       Beef jerky        |       |       |       |     1 |     1 |       ||     2
       Pizza             |       |       |       |       |     3 |       ||     3
Armor: Scale mail        |    53 |    52 |       |       |       |       ||   105
       Gold dragon armou |       |    17 |   159 |   280 |   787 |    15 ||  1258
Dodge: Dodged            |    36 |    49 |    27 |    78 |   293 |     6 ||   489
       Deflected         |       |       |       |     2 |    38 |     1 ||    41
Block: Shield            |    58 |   100 |   211 |   508 |       |       ||   877
       Other             |       |       |       |     3 |   366 |     6 ||   375
